 Dungeon Sprint DCSS version 0.19.0 (webtiles) character file.

2272 LORDOFBUTT the Ninja (level 9, -7/41 HPs)
             Began as a Spriggan Assassin on Nov 2, 2016.
             Was a Follower of Dithmenos.
             Mangled by a slime creature (21 damage)
             ... in the Dungeon (Sprint I: "Red Sonja").
             The game lasted 00:02:05 (278 turns).

LORDOFBUTT the Ninja (Spriggan Assassin)             Turns: 278, Time: 00:02:06

Health: -7/41      AC:  3    Str:  9    XL:     9   Next: 16%
Magic:  10/10      EV: 17    Int: 12    God:    Dithmenos [*.....]
Gold:   425        SH:  0    Dex: 19    Spells: 0 memorised, 8 levels left

rFire  . . .     SeeInvis +     n - +0 short sword (venom)
rCold  . . .     Gourm    .     c - +0 robe
rNeg   . . .     Faith    .     (shield restricted)
rPois  .         Spirit   .     (helmet restricted)
rElec  .         Reflect  .     d - +0 cloak
rCorr  .         Harm     .     (gloves unavailable)
MR     +....     NoTele   +     (boots unavailable)
Stlth  ++++++++++               (no amulet)
                                (no ring)
                                (no ring)

@: wreathed by umbra, very quick
A: unfitting armour, see invisible, herbivore 3, speed 3, slow metabolism 2
a: Renounce Religion


You were in the Dungeon.
You worshipped Dithmenos.
Dithmenos was aware of your devotion.
You were not hungry.

You visited 1 branch You collected 425 gold pieces.

Inventory:

Hand Weapons
 a - a +2 dagger
 b - a +0 blowgun
 n - a +0 short sword of venom (weapon)
Missiles
 e - 25 poisoned needles
 f - 9 curare-tipped needles
Armour
 c - a +0 robe (worn)
 d - a +0 cloak (worn)
Scrolls
 m - a scroll of blinking
Potions
 h - a potion of curing
 i - a potion of heal wounds
 j - a potion of haste
 k - 2 potions of magic
 l - a potion of berserk rage
Comestibles
 g - a bread ration


   Skills:
 - Level 1.5 Fighting
 + Level 4.4 Short Blades
 - Level 2.0 Throwing
 - Level 1.5 Dodging
 O Level 27 Stealth


You had 8 spell levels left.
You didn't know any spells.

Dungeon Overview and Level Annotations

Branches:
Dungeon (1/1)

Altars:
Cheibriados
Dithmenos
Elyvilon
Fedhas
Gozag
Hepliaklqana
Kikubaaqudgha
Makhleb
Nemelex Xobeh
Okawaru
Qazlal
Ru
Sif Muna
Trog
Uskayaw
Vehumet
Xom
Yredelemnul
Zin
The Shining One
Jiyva
Lugonu

Shops:
D *(


Innate Abilities, Weirdness & Mutations

You are very small and have problems with some larger weapons.
You are too small for most types of armour.
You have supernaturally acute eyesight. (SInv)
You are a herbivore.
You cover ground extremely quickly.
You need consume almost no food.


Message History

The slime creature quivers.
You hit the slime creature.
The slime creature is lightly wounded.
The slime creature hits you.
You hit the slime creature.
The slime creature is lightly wounded.
You hit the slime creature.
The slime creature is lightly wounded.
The slime creature hits you!
You hit the slime creature.
The slime creature is lightly wounded.
The slime creature hits you!!
You hit the slime creature.
The slime creature is moderately wounded.
The slime creature closely misses you.
You hit the slime creature.
The slime creature is moderately wounded.
The slime creature hits you!!
Ouch! That really hurt!
You die...

###################
#<.#.)'..#.)'..#_J#
#..').#..'..#..'@.+
#..#####'#####'#__####
#..####..#...#.####§)#
#..#__####..##.#§≈§.§#
#..#_____##'#§§§§§§.§+
#⌠⌠#_.∩..†'.§.§#§≈≈.§#
####_..__##_.#+##+####
#_____###'#
############.##


You could see a slime creature.

Vanquished Creatures
  2 centaur warriors (D)
  Sonja (D)
  Sigmund (D)
  A yak (D)
  An ogre (D)
  A jelly (D)
  Ijyb (D)
8 creatures vanquished.

Notes
Turn   | Place    | Note
-------+----------+-------------------------------------------
     0 | D        | LORDOFBUTT the Spriggan Assassin began the quest for the Orb.
     0 | D        | Reached XP level 1. HP: 10/10 MP: 2/2
     2 | D        | Noticed Ijyb
     5 | D        | Killed Ijyb
     5 | D        | Reached skill level 10 in Stealth
     5 | D        | Reached XP level 2. HP: 14/14 MP: 3/3
     7 | D        | Noticed an ogre
    19 | D        | Killed an ogre
    19 | D        | Reached skill level 14 in Stealth
    19 | D        | Reached XP level 3. HP: 18/18 MP: 4/4
    19 | D        | Reached XP level 4. HP: 22/22 MP: 5/5
    34 | D        | Noticed Sigmund
    37 | D        | Killed Sigmund
    37 | D        | Reached skill level 18 in Stealth
    37 | D        | Reached XP level 5. HP: 25/25 MP: 6/6
    37 | D        | Reached XP level 6. HP: 30/30 MP: 7/7
    50 | D        | Found a deep blue altar of Sif Muna.
    52 | D        | Found a radiant altar of Vehumet.
    63 | D        | Found a viscous altar of Jiyva.
    63 | D        | Found a corrupted altar of Lugonu.
    63 | D        | Noticed a slime creature
    64 | D        | Found a burning altar of Makhleb.
    64 | D        | Found a shimmering altar of Xom.
    93 | D        | Found Taricsic's Antique Weapon Emporium.
    93 | D        | Found an ancient bone altar of Kikubaaqudgha.
    93 | D        | Found a hazy altar of Hepliaklqana.
    93 | D        | Found a stormy altar of Qazlal.
    93 | D        | Found a hide-covered altar of Uskayaw.
    93 | D        | Found a blossoming altar of Fedhas.
    93 | D        | Found a bloodstained altar of Trog.
    93 | D        | Found an iron altar of Okawaru.
    93 | D        | Found a basalt altar of Yredelemnul.
    93 | D        | Found a glowing golden altar of the Shining One.
    93 | D        | Found a snail-covered altar of Cheibriados.
    93 | D        | Found a sacrificial altar of Ru.
    93 | D        | Found a glowing silver altar of Zin.
    93 | D        | Found a shadowy altar of Dithmenos.
    93 | D        | Found a white marble altar of Elyvilon.
    93 | D        | Noticed a yak
    94 | D        | Found an opulent altar of Gozag.
    95 | D        | Killed a yak
    95 | D        | Reached skill level 20 in Stealth
    96 | D        | Found a sparkling altar of Nemelex Xobeh.
   106 | D        | Became a worshipper of Dithmenos the Shadowed
   117 | D        | Noticed a centaur warrior
   117 | D        | Noticed a centaur warrior
   123 | D        | Killed a centaur warrior
   123 | D        | Reached skill level 24 in Stealth
   123 | D        | Reached XP level 7. HP: 33/33 MP: 8/8
   123 | D        | Reached XP level 8. HP: 37/37 MP: 9/9
   124 | D        | Killed a centaur warrior
   124 | D        | Reached skill level 26 in Stealth
   133 | D        | Noticed Sonja
   137 | D        | Killed Sonja
   137 | D        | Reached * piety under Dithmenos
   137 | D        | Reached skill level 27 in Stealth
   137 | D        | Reached XP level 9. HP: 41/41 MP: 10/10
   159 | D        | Found Ocis's General Store.
   246 | D        | Noticed a shining eye
   246 | D        | Noticed a shining eye
   246 | D        | Noticed a shining eye
   278 | D        | Mangled by a slime creature

Skill      XL: |  1  2  3  4  5  6  7  8 |
---------------+-------------------------+-----
Stealth        | 10 14 18 24 27 | 27.0
Short Blades   | 4 |  4.4
Fighting       | |  1.5
Throwing       | |  2.0
Dodging        | |  1.5

Action                   |  1- 3 |  4- 6 |  7- 9 || total
-------------------------+-------+-------+-------++-------
Melee: Dagger            |     3 |     4 |     2 ||     9
       Short sword       |       |       |     6 ||     6
 Fire: Blowgun           |     2 |       |       ||     2
 Stab: Sleeping          |     1 |     4 |     2 ||     7
Dodge: Dodged            |     2 |       |     1 ||     3
